 Dungeon Crawl Stone Soup version 0.28.0-43-g3370ac3207 (webtiles) character file.

Game seed: 698023212661678872

230 Pinkishskies the Covered (level 5, 0/47 HPs)
             Began as a Minotaur Fighter on Mar 8, 2022.
             Slain by Crazy Yiuf
             ... wielding a +4 quarterstaff of chaos
              (1 damage)
             ... on level 2 of the Dungeon.
             The game lasted 00:04:29 (1200 turns).

Pinkishskies the Covered (Minotaur Fighter)         Turns: 1200, Time: 00:04:29

Health: 0/47       AC:  7    Str: 22    XL:     5   Next: 72%
Magic:  2/4        EV:  8    Int:  5    God:
Gold:   81         SH:  8    Dex: 10    Spells: 4/4 levels left

rFire   . . .      SeeInvis .   a - +0 war axe
rCold   . . .      Faith    .   e - +0 kite shield
rNeg    . . .      Spirit   .   b - +0 scale mail
rPois   .          Reflect  .   (helmet restricted)
rElec   .          Harm     .   (no cloak)
rCorr   .          Rampage  .   (no gloves)
Will    .....                   (no boots)
Stlth   ..........              (no amulet)
HPRegen 0.15/turn               (no ring)
MPRegen 0.09/turn               (no ring)

@: lethally poisoned (0 -> -5)
A: horns 2, retaliatory headbutt
a: no special abilities


You were on level 2 of the Dungeon.
You visited 1 branch of the dungeon, and saw 2 of its levels.

You collected 81 gold pieces.

Inventory:

Hand Weapons
 a - a +0 war axe (weapon)
 l - a +0 scythe
Armour
 b - a +0 scale mail (worn)
 c - a +0 buckler
 e - a +0 kite shield (worn)
Jewellery
 g - a ring of wizardry
Scrolls
 f - a scroll of magic mapping {unknown}
 h - a scroll of vulnerability {unknown}
 i - a scroll of noise {unknown}
 j - a scroll of brand weapon {unknown}
 m - a scroll of enchant weapon {unknown}
Potions
 d - a potion of curing
 k - a potion of mutation {unknown}


   Skills:
 + Level 4.8 Fighting
 + Level 4.7 Axes
 + Level 4.8 Armour
 + Level 0.6 Dodging
 + Level 4.6 Shields


You had 4 spell levels left.
You didn't know any spells.
Your spell library was empty.

Dungeon Overview and Level Annotations

Branches:
Dungeon (2/15)

Altars:

Shops:
D:2 =

Annotations:
D:2 Crazy Yiuf


Innate Abilities, Weirdness & Mutations

You have a pair of horns on your head.
You reflexively headbutt those who attack you in melee.


Message History

A bat comes into view.
You slash the bat!
You kill the bat!
No target in view!
Found a mace.
You see here a +0 mace.
Found a mace.
Found a runed translucent door.
Crazy Yiuf shouts!
You open the door. You hit Crazy Yiuf but do no damage.
You headbutt Crazy Yiuf, but do no damage.
Crazy Yiuf hits you with a +4 quarterstaff of chaos!
Crazy Yiuf hits you with a +4 quarterstaff of chaos.
You feel your power leaking away.
You hit Crazy Yiuf.
Crazy Yiuf is lightly wounded.
Crazy Yiuf drinks a potion.
Crazy Yiuf suddenly seems more resistant.
You hit Crazy Yiuf but do no damage. Your headbutt misses Crazy Yiuf.
Crazy Yiuf is lightly wounded.
Crazy Yiuf completely misses you.
You hit Crazy Yiuf. Your headbutt misses Crazy Yiuf.
Crazy Yiuf is heavily wounded.
You block Crazy Yiuf's attack.
Crazy Yiuf hits you with a +4 quarterstaff of chaos.
You closely miss Crazy Yiuf.
Crazy Yiuf is heavily wounded.
Crazy Yiuf hits you with a +4 quarterstaff of chaos!
You are poisoned.
You barely miss Crazy Yiuf.
Crazy Yiuf is heavily wounded.
You feel very sick.
Crazy Yiuf hits you with a +4 quarterstaff of chaos!
* * * LOW HITPOINT WARNING * * *
Crazy Yiuf freezes you.
* * * LOW HITPOINT WARNING * * *
Crazy Yiuf hits you with a +4 quarterstaff of chaos.
* * * LOW HITPOINT WARNING * * *
Crazy Yiuf burns you.
You die...

#....###
#.........
#...)#
#.........
♣...)♣
#.........
♣...♣♣
#......†..
♣♣.♣♣
#.........
♣.♣♣
#.........
♣♣.♣
#.........
♣.♣♣
#######'##
♣♣@♣ #.#
#g# #.#
... #.#
#...# #.#
#..)# #.#
##### #.##
#... ####


You could see Crazy Yiuf (resistant).

Vanquished Creatures
  Sigmund (D:2)
  Natasha (D:2)
  An adder (D:2)
  3 dart slugs
  A bat (D:2)
  3 endoplasms
  2 giant cockroaches (D:1)
  2 goblins
  3 hobgoblins
  4 kobolds
  2 quokkas (D:1)
  2 ball pythons (D:1)
  4 frilled lizards (D:1)
  A rat (D:1)
30 creatures vanquished.

Vanquished Creatures (others)
  3 fungi (D:2)
  10 plants (D:2)
13 creatures vanquished.

Grand Total: 43 creatures vanquished

Notes
Turn   | Place    | Note
-------+----------+-------------------------------------------
     0 | D:1      | Pinkishskies the Minotaur Fighter began the quest for the
                  | Orb.
     0 | D:1      | Reached XP level 1. HP: 19/19 MP: 0/0
    50 | D:1      | Reached XP level 2. HP: 22/27 MP: 1/1
   723 | D:2      | Noticed Natasha
   724 | D:2      | Noticed a crimson imp
   733 | D:2      | Killed Natasha
   734 | D:2      | Reached XP level 3. HP: 13/33 MP: 2/2
   973 | D:2      | Found Xyesu's Jewellery Shop.
  1034 | D:2      | Noticed Sigmund
  1039 | D:2      | Killed Sigmund
  1040 | D:2      | Reached XP level 4. HP: 38/41 MP: 3/3
  1040 | D:2      | Reached XP level 5. HP: 43/47 MP: 4/4
  1190 | D:2      | Found a runed translucent door.
  1191 | D:2      | Noticed Crazy Yiuf
  1200 | D:2      | HP: 1/47 [Crazy Yiuf/+4 quarterstaff of chaos (2)]
  1200 | D:2      | Slain by Crazy Yiuf

Illustrated notes

Levels and vault maps discovered:
D:1:      elethiomel_arrival_maze, layout_rooms, minmay_tree_intersection
D:2:      layout_basic, shapermc_ecumenical_altar_mp_urbaneastern, serial_shops,
          nicolae_shop_temple_entry_statues_fountains, roderic_serpentine_path,
          uniq_natasha, uniq_crazy_yiuf_cottage, uniq_sigmund

Skill      XL: |  1  2  3 |
---------------+----------+-----
Armour         | 4 |  4.8
Shields        | 4 |  4.6
Fighting       | 4 |  4.8
Axes           | 3 4 |  4.7
Dodging        | |  0.6

Action                   |  1- 3 |  4- 6 || total
-------------------------+-------+-------++-------
Melee: War axe           |    58 |    12 ||    70
       Headbutt          |     9 |     1 ||    10
  Use: Potion            |     1 |       ||     1
Armor: Scale mail        |    21 |     1 ||    22
Dodge: Dodged            |    13 |     3 ||    16
Block: Buckler           |     3 |       ||     3
       Kite shield       |    19 |     1 ||    20
